 Dungeon Crawl Stone Soup version 0.31-a0-263-ge8cad7f256 (webtiles) character file.

Game seed: 3730480222130444172

142 qw the Shooter (level 5, -7/30 HPs)
             Began as a Gargoyle Hexslinger on July 13, 2023.
             Mangled by a gnoll
             ... wielding a +1 flail of holy wrath
             ... led by a gnoll bouda
              (9 damage)
             ... on level 4 of the Dungeon.
             The game lasted 00:00:57 (1816 turns).

qw the Shooter (Gargoyle Hexslinger)                Turns: 1816, Time: 00:00:57

Health: -7/30      AC:  9    Str: 11    XL:     5   Next: 25%
Magic:  6/6        EV: 12    Int: 17    God:
Gold:   177        SH:  0    Dex: 23    Spells: 5/6 levels left

rFire   . . .        Y - +2 sling
rCold   x . .        (no shield)
rNeg    + + .        b - +2 leather armour "Yliviw" {rC- rCorr Int+3 Dex+3}
rPois   inf          (no helmet)
rElec   +            (no cloak)
rCorr   +            (no gloves)
SInv    .            (no boots)
Will    .....        g - amulet of regeneration
Stlth   ++           d - ring of positive energy
HPRegen 1.05/turn    k - +6 ring of dexterity
MPRegen 0.10/turn

%: no passive effects
@: no status effects
A: sickness immunity, AC +4, negative energy resistance 1, electricity
resistance, torment resistance 1, petrification resistance
a: no special abilities


You were on level 4 of the Dungeon.
You visited 1 branch of the dungeon, and saw 4 of its levels.

You collected 177 gold pieces.


Innate Abilities, Weirdness & Mutations

You are immune to sickness and miasma.
Your stone body is resilient. (AC +4)
You are immune to poison.
You resist negative energy. (rN+)
You are resistant to electric shocks. (rElec)
You are resistant to unholy torment.
You are immune to petrification.


   Skills:
 - Level 2.0 Fighting
 + Level 4.8 Ranged Weapons
 - Level 1.0 Armour
 - Level 1.5 Dodging
 - Level 1.0 Spellcasting
 - Level 2.6 Hexes


You had 5 spell levels left.
You knew the following spells:

 Your Spells              Type           Power      Damage    Failure   Level
a - Slow                  Hex            36%        N/A       10%         1

Your spell library contained the following spells:

 Spells                   Type           Power      Damage    Failure   Level
 Inner Flame              Hex/Fire       5%         N/A       43%         3
 Portal Projectile        Hex/Tloc       10%        N/A       43%         3
 Cause Fear               Hex            4%         N/A       67%         4

Inventory:

Hand Weapons
 Y - a +2 sling (weapon)
Armour
 b - the +2 leather armour "Yliviw" (worn) {rC- rCorr Int+3 Dex+3}
   (You found it on level 3 of the Dungeon)

   Int:       It affects your intelligence (+3).
   Dex:       It affects your dexterity (+3).
   rC:        It makes you vulnerable to cold.
   rCorr:     It protects you from acid and corrosion.
Jewellery
 d - a ring of positive energy (left hand)
 g - an amulet of regeneration (around neck)
 k - a +6 ring of dexterity (right hand)
Potions
 a - a potion of attraction {unknown}
 e - a potion of haste {unknown}
 f - a potion of might {unknown}
 h - a potion of enlightenment {unknown}

Dungeon Overview and Level Annotations

Branches:
Dungeon (4/15)
 Temple: D:4-7

Altars:
Fedhas
Makhleb
Xom


Message History

The sling bullet barely misses the gnoll.
The gnoll closely misses you. The gnoll barely misses you.
The gnoll hits you with a +1 flail of holy wrath.
The gnoll barely misses you.
You shoot a sling bullet. The sling bullet hits the gnoll.
You kill the gnoll!
The gnoll misses you.
The gnoll bouda gazes fiercely through you!
You feel your attacks grow feeble.
You shoot a sling bullet. The sling bullet hits the gnoll bouda.
The gnoll bouda is lightly wounded.
The gnoll completely misses you.
The gnoll bouda barks out a call to the hunt!
The gnolls pick up the pace!
You shoot a sling bullet.
The sling bullet barely misses the gnoll bouda.
The gnoll hits you with a +1 flail of holy wrath.
The gnoll hits you from afar with a +0 spear.
The gnoll bouda closely misses you.
You shoot a sling bullet. The sling bullet hits the gnoll bouda!
The gnoll bouda is heavily wounded.
The gnoll hits you but does no damage. The gnoll misses you.
The gnoll bouda hits you with a +0 whip!
You shoot a sling bullet.
The sling bullet closely misses the gnoll bouda.
The gnoll hits you with a +1 flail of holy wrath.
The gnoll bouda hits you but does no damage.
The gnoll hits you from afar with a +0 spear.
The gnoll hits you with a +1 flail of holy wrath.
The gnoll bouda hits you with a +0 whip.
The gnoll hits you but does no damage.
You shoot a sling bullet. The sling bullet hits the gnoll bouda.
The gnoll bouda is heavily wounded.
The gnoll closely misses you. The gnoll barely misses you.
The gnoll bouda hits you with a +0 whip.
You shoot a sling bullet. The sling bullet hits the gnoll bouda.
The gnoll bouda is almost dead.
Your attacks no longer feel as feeble.
The gnoll hits you with a +1 flail of holy wrath!
You die...

#.#.. #.#.#
##.#.#
..$.###
...g. ...
#g## #gg#
#)@# #..#
#..# # #..#
.. #..#
.#.######..#
...........#
~~~~.......#
...~...<...#


You could see a gnoll bouda and 2 gnolls.

Vanquished Creatures
  An orc wizard (D:2)
  2 gnolls (D:4)
  2 adders (D:3)
  4 dart slugs
  9 orcs
  5 ball pythons
  8 bats
  6 endoplasms
  2 giant cockroaches
  4 goblins
  2 hobgoblins
  4 kobolds
  3 quokkas
  A frilled lizard (D:1)
  6 rats
59 creatures vanquished.

Notes
Turn   | Place    | Note
-------+----------+-------------------------------------------
     0 | D:1      | qw the Gargoyle Hexslinger began the quest for the Orb.
     0 | D:1      | Reached XP level 1. HP: 12/12 MP: 2/2
     0 | D:1      | 0 ||| qw: Version: 0.3-a-52-g30416fa
     0 | D:1      | 0 ||| qw: Game counter: 7352
     0 | D:1      | 0 ||| qw: Melee chars always use a shield: true
     0 | D:1      | 0 ||| qw: God list: Okawaru
     0 | D:1      | 0 ||| qw: Allow faded altars: false
     0 | D:1      | 0 ||| qw: Do Orc after clearing Dungeon:15 true
     0 | D:1      | 0 ||| qw: Do second Lair branch before Depths: true
     0 | D:1      | 0 ||| qw: Lair rune preference: random
     0 | D:1      | 0 ||| qw: Goals: Normal
     0 | D:1      | 0 ||| PLANNING D:1-11
    92 | D:1      | Reached XP level 2. HP: 15/16 MP: 3/3
   160 | D:1      | Reached skill level 3 in Ranged Weapons
   551 | D:1      | 551 ||| UPGRADING to amulet of regeneration.
   556 | D:1      | 556 ||| UPGRADING to ring of positive energy.
   557 | D:1      | 557 ||| READING scroll labelled FIHAGO COPUW.
   562 | D:1      | 562 ||| DROPPING scroll of poison.
   678 | D:2      | Reached XP level 3. HP: 21/21 MP: 4/4
   759 | D:2      | 759 ||| FLEEEEING.
   796 | D:2      | Reached XP level 4. HP: 26/26 MP: 5/5
   939 | D:2      | Reached skill level 4 in Ranged Weapons
  1230 | D:2      | Found a shimmering altar of Xom.
  1316 | D:2      | 1316 ||| UPGRADING to +0 leather armour.
  1326 | D:2      | 1326 ||| DROPPING +0 robe.
  1327 | D:2      | 1327 ||| UPGRADING to +0 ring mail.
  1337 | D:2      | 1337 ||| DROPPING +0 leather armour.
  1338 | D:2      | 1338 ||| DROPPING ring of flight.
  1339 | D:2      | 1339 ||| UPGRADING to +6 ring of dexterity.
  1340 | D:2      | 1340 ||| READING scroll labelled XOMASO YSMYR.
  1396 | D:3      | Identified the +2 leather armour "Yliviw" {rC- rCorr Int+3
                  | Dex+3}
  1455 | D:3      | Reached skill level 1 in Armour
  1722 | D:3      | Reached XP level 5. HP: 30/30 MP: 6/6
  1733 | D:3      | Found a blossoming altar of Fedhas.
  1771 | D:3      | 1771 ||| UPGRADING to +2 leather armour "Yliviw" {rC- rCorr
                  | Int+3 Dex+3}.
  1781 | D:3      | 1781 ||| DROPPING +0 ring mail.
  1782 | D:3      | 1782 ||| READING scroll labelled YLAROINWIR.
  1783 | D:3      | 1783 ||| READING scroll labelled UCUF WEAGESHRU.
  1788 | D:4      | Found a burning altar of Makhleb.
  1804 | D:4      | 1804 ||| Stepping ~*~*~tactically~*~*~ (outnumbered).
  1814 | D:4      | HP: 7/30 [gnoll/+1 flail of holy wrath[a gnoll bouda] (6)]
  1814 | D:4      | HP: 2/30 [gnoll bouda/+0 whip (5)]
  1816 | D:4      | Mangled by a gnoll

Levels and vault maps discovered:
D:1:      dpeg_arrival_rooms_c, layout_rooms, minmay_liquid_box,
          patterned_corridor
D:2:      layout_basic, basic_altar
D:3:      layout_basic, fedhas_altar_2
D:4:      layout_basic, nzn_wu_jian_contemplation, doesnt_xom_only_xom,
          lemuel_doored_altar, mainiacjoe_overflow_catwalk_spiral

Skill      XL: |  1  2  3  4 |
---------------+-------------+-----
Ranged Weapons | 3 4 |  4.8
Fighting       | 2 |  2.0
Armour         | 1 |  1.0
Dodging        | |  1.5
Spellcasting   | |  1.0
Hexes          | |  2.6

Action                     |  1- 3 |  4- 6 || total
---------------------------+-------+-------++-------
   Fire: Sling             |   112 |   124 ||   236
    Use: Scroll            |     1 |     3 ||     4
 Armour: Robe              |    30 |     1 ||    31
         Ring mail         |       |    23 ||    23
         Leather armour    |       |     7 ||     7
  Dodge: Dodged            |    29 |    49 ||    78

Table legend:
 A = Non-vault XP
 B = Vault XP
 C = Vault XP percentage of total XP
 D = Non-vault monster count
 E = Vault monster count
 F = Vault count percentage of total count
                 A         B        C        D         E       F
            +---------+---------+-------+---------+---------+-------
      Total |     204 |       0 |   0.0 |      59 |       0 |   0.0
            +---------+---------+-------+---------+---------+-------
        D:1 |      32 |       0 |   0.0 |      17 |       0 |   0.0
        D:2 |      64 |       0 |   0.0 |      15 |       0 |   0.0
        D:3 |      79 |       0 |   0.0 |      25 |       0 |   0.0
        D:4 |      29 |       0 |   0.0 |       2 |       0 |   0.0
            +---------+---------+-------+---------+---------+-------
